 Dungeon Crawl Stone Soup version 0.31.0-12-g77e489cdc1 (webtiles) character file.

Game seed: 3733188881253823436

50 sking99 the Poker (level 3, 26/26 HPs)
             Began as an Octopode Cinder Acolyte on Mar 2, 2024.
             Was a High Priest of Ignis.
             Quit the game on level 3 of the Dungeon.
             The game lasted 00:03:41 (1531 turns).

sking99 the Poker (Octopode Cinder Acolyte)         Turns: 1531, Time: 00:03:41

Health: 26/26      AC:  1    Str: 15    XL:     3   Next: 79%
Magic:  4/4        EV: 12    Int: 16    God:    Ignis [*****.]
Gold:   183        SH:  0    Dex:  7    Spells: 2/4 levels left

rFire   + . .        a - -1 spear (flame)
rCold   . . .        (no shield)
rNeg    . . .        (helmet restricted)
rPois   .            (no amulet)
rElec   .            (no ring)
rCorr   .            (no ring)
SInv    .            (no ring)
Will    .....        (no ring)
Stlth   ++           (no ring)
HPRegen 0.24/turn    (no ring)
MPRegen 0.09/turn    (no ring)
                     (no ring)

%: no passive effects
@: no status effects
A: almost no armour, amphibious, 8 rings, camouflage 1, gelatinous body 1,
(nimble swimmer 1), tentacles
a: Renounce Religion, Fiery Armour, Foxfire Swarm, Rising Flame


You were on level 3 of the Dungeon.
You worshipped Ignis.
Ignis was extremely pleased with you.
You visited 1 branch of the dungeon, and saw 3 of its levels.

You collected 183 gold pieces.

Inventory:

Hand Weapons
 a - a -1 spear of flaming (weapon)
Jewellery
 c - a +4 ring of slaying
Scrolls
 b - 3 scrolls of revelation {unknown}
 d - 5 scrolls of identify {unknown}
 e - a scroll of enchant weapon {unknown}
 g - a scroll of noise {unknown}
Potions
 f - a potion of curing {unknown}


   Skills:
 + Level 3.4 Fighting
 * Level 3.8 Polearms
 + Level 1.1 Dodging
 - Level 1.1 Spellcasting
 + Level 0.3 Hexes
 - Level 3.0 Fire Magic


You had 2 spell levels left.
You knew the following spells:

 Your Spells              Type           Power      Damage    Failure   Level
a - Jinxbite              Hex            4%         N/A       30%         2

Your spell library contained the following spells:

 Spells                   Type           Power      Damage    Failure   Level
 Scorch                   Fire           20%        2d5       10%         2
 Apportation              Tloc           0%         N/A       22%         1
 Ozocubu's Armour         Ice            0%         N/A       56%         3
 Alistair's Intoxication  Alch           0%         N/A       99%         5
 Metabolic Englaciation   Hex/Ice        0%         N/A       99%         5
 Sculpt Simulacrum        Ice/Alch       0%         N/A       100%        6


Dungeon Overview and Level Annotations

Branches:
Dungeon (3/15)

Altars:


Innate Abilities, Weirdness & Mutations

You cannot wear most types of armour.
You are amphibious.
You can wear up to eight rings at the same time.
Your skin changes colour to match your surroundings (Stealth+).
Your rubbery body absorbs attacks. (AC +1, EV +1)
((You are camouflaged when in or above water. (Stealth+)))
You have tentacles for arms and can constrict up to eight enemies at once.


Message History

You hit the dart slug but do no damage.
The dart slug is lightly wounded.
You constrict the dart slug. You hit the dart slug. You burn the dart slug.
The dart slug is severely wounded.
You constrict the dart slug. The dart slug closely misses you.
You hit the dart slug. You burn the dart slug.
You kill the dart slug!
You start resting.
HP restored.
b - 3 scrolls labelled GIH BUMPAKHLY (gained 1)
You now have 160 gold pieces (gained 9).
Found a stone staircase leading down.
Found a robe.
You now have 172 gold pieces (gained 12).
You now have 183 gold pieces (gained 11).
You see here a +0 robe.
A hobgoblin comes into view.
A hobgoblin is nearby!
Found a scroll labelled BAEMAMENEEPN.
You see here a book of Winter.
You pick up a book of Winter and begin reading...
You add the spells Ozocubu's Armour, Metabolic Englaciation and Sculpt Simulacrum to your library.
You reach to attack!
The helpless hobgoblin fails to defend itself.
You hit the hobgoblin. You burn the hobgoblin.
You kill the hobgoblin!
No target in view!
No target in view!
d - 5 scrolls labelled BAEMAMENEEPN (gained 1)
You see here 8 stones.
Done exploring.
Done exploring.
Okay, then.
Done exploring.
Done exploring.
There is a stone staircase leading down here.
You climb downwards.
There is a stone staircase leading up here.
Are you sure you want to abandon this character and quit the game? (Confirm with "yes".)

## .. ##.###
#.....
#.....####.#
#.....@....#
#.....####.#
.......
#......
#######


There were no monsters in sight!

Vanquished Creatures
  An adder (D:2)
  2 dart slugs (D:2)
  A ribbon worm (D:2)
  5 bats
  An endoplasm (D:1)
  A giant cockroach (D:1)
  2 goblins (D:1)
  5 hobgoblins
  2 kobolds (D:1)
  2 quokkas
  4 ball pythons
  5 frilled lizards
  5 rats
36 creatures vanquished.

Vanquished Creatures (others)
  13 foxfires (D:2)
13 creatures vanquished.

Grand Total: 49 creatures vanquished

Notes
Turn   | Place    | Note
-------+----------+-------------------------------------------
     0 | D:1      | sking99 the Octopode Cinder Acolyte began the quest for the
                  | Orb.
     0 | D:1      | Reached XP level 1. HP: 16/16 MP: 2/2
   418 | D:1      | Reached XP level 2. HP: 18/21 MP: 3/3
   941 | D:2      | Reached XP level 3. HP: 20/26 MP: 4/4
   949 | D:2      | Learned a level 2 spell: Jinxbite
  1251 | D:2      | Reached skill level 1 in Dodging
  1531 | D:3      | Quit the game

Illustrated notes

Levels and vault maps discovered:
D:1:      dpeg_arrival_water_fire, layout_basic, amethyst_killhole
D:2:      layout_rooms, chequers_jeans
D:3:      layout_basic, shapermc_ecumenical_altar_gd, minmay_snake_closets

Skill      XL: |  1  2  3 |
---------------+----------+-----
Dodging        | 1 |  1.1
Fighting       | |  3.4
Polearms       | |  3.8
Spellcasting   | |  1.1
Hexes          | |  0.3
Fire Magic     | |  3.0

Action                     || total
---------------------------++-------
  Melee: Spear             ||    98
         Constrict         ||    13
         Tentacles         ||     7
 Invoke: Foxfire Swarm     ||     1
   Stab: Sleeping          ||     3
 Armour: Skin              ||    36
  Dodge: Dodged            ||    44
